 Dungeon Crawl Stone Soup version 0.29.0-7-g18a832c13a (webtiles) character file.

Game seed: 3927540564523529808

25 Kahsius the Ruffian (level 2, -2/24 HPs)
             Began as a Draconian Transmuter on Aug 30, 2022.
             Slain by a gnoll
             ... wielding a +0 spear
              (3 damage)
             ... on level 2 of the Dungeon.
             The game lasted 00:02:06 (1113 turns).

Kahsius the Ruffian (Draconian Transmuter)          Turns: 1113, Time: 00:02:06

Health: -2/24      AC:  4    Str: 12    XL:     2   Next: 82%
Magic:  5/5        EV: 12    Int: 13    God:
Gold:   57         SH:  5    Dex: 11    Spells: 4/5 levels left

rFire   . . .      SeeInvis .     - Unarmed
rCold   . . .      Faith    .   (no shield)
rNeg    . . .      Spirit   .   (body armour unavailable)
rPois   .          Reflect  +   (helmet currently unavailable)
rElec   .          Harm     .   (no cloak)
rCorr   .          Rampage  .   (no gloves)
Will    .....                   (boots currently unavailable)
Stlth   +.........              c - amulet of reflection
HPRegen 0.08/turn               (no ring)
MPRegen 0.09/turn               (no ring)

@: appendages (expiring)
A: horns 2, talons 2, AC +4, unfitting armour, cold-blooded
a: End Transformation


You were on level 2 of the Dungeon.
You had temporarily grown beastly horns and talons.
You visited 1 branch of the dungeon, and saw 2 of its levels.

You collected 57 gold pieces.

Inventory:

Jewellery
 c - an amulet of reflection (around neck)
Scrolls
 b - a scroll of teleportation
Potions
 a - a potion of lignification
 d - a potion of curing {unknown}
 f - a potion of might {unknown}
 g - a potion of attraction {unknown}


   Skills:
 + Level 1.6 Fighting
 + Level 2.1 Dodging
 + Level 3.2 Unarmed Combat
 + Level 2.2 Spellcasting
 + Level 2.3 Transmutations


You had 4 spell levels left.
You knew the following spells:

 Your Spells              Type           Power      Damage    Failure   Level
a - Beastly Appendage     Tmut           14%        N/A       10%         1

Your spell library contained the following spells:

 Spells                   Type           Power      Damage    Failure   Level
 Wereblood                Tmut           7%         N/A       14%         2
 Spider Form              Tmut/Pois      4%         N/A       43%         3
 Ice Form                 Ice/Tmut       4%         N/A       83%         4


Dungeon Overview and Level Annotations

Branches:
Dungeon (2/15)

Altars:


Innate Abilities, Weirdness & Mutations

You have temporarily grown beastly horns and talons.
Your plain brown scales are hard. (AC +4)
You cannot fit into any form of body armour.
You are cold-blooded and may be slowed by cold attacks.


Message History

The gnoll shouts!
You claw the gnoll, but do no damage.
The gnoll is moderately wounded.
The gnoll hits you with a +0 spear!
You are too injured to fight recklessly!
You are too injured to fight recklessly!
The gnoll attacks as you move away! The gnoll hits you with a +0 spear.
The gnoll misses you. The gnoll completely misses you.
You hit the gnoll but do no damage. You claw the gnoll.
Your tail-slap misses the gnoll.
The gnoll is heavily wounded.
Your transformation is almost over.
The gnoll hits you with a +0 spear.
* * * LOW HITPOINT WARNING * * *
You hit the gnoll but do no damage.
The gnoll is heavily wounded.
The gnoll closely misses you.
You completely miss the gnoll.
The gnoll is heavily wounded.
The gnoll hits you with a +0 spear.
* * * LOW HITPOINT WARNING * * *
You hit the gnoll.
The gnoll is severely wounded.
The gnoll hits you but does no damage.
You hit the gnoll but do no damage.
The gnoll is severely wounded.
The gnoll closely misses you.
You barely miss the gnoll. Your headbutt misses the gnoll.
Your tail-slap misses the gnoll.
The gnoll is severely wounded.
The gnoll misses you.
You hit the gnoll. You claw the gnoll, but do no damage.
Your headbutt misses the gnoll. You tail-slap the gnoll.
The gnoll is almost dead.
The gnoll barely misses you.
You barely miss the gnoll. Your kick misses the gnoll.
The gnoll is almost dead.
The gnoll hits you with a +0 spear.
You die...

#........# #........# #
#........####
#.#............
#........#..## ###
#...g....#..# #<#
#.......g..[# #.#
#.......##.########.#
#.....[.#.ggg@......#
..S.#.#####..########.#
#.###. #..# ### .. ..
#... ### ##.# ... #.#
#.#


You could see 3 gnolls.

Vanquished Creatures
  2 dart slugs (D:1)
  A ball python (D:1)
  4 giant cockroaches (D:1)
  5 hobgoblins (D:1)
  2 quokkas (D:1)
  A frilled lizard (D:1)
  A kobold (D:1)
  2 rats (D:1)
18 creatures vanquished.

Notes
Turn   | Place    | Note
-------+----------+-------------------------------------------
     0 | D:1      | Kahsius the Draconian Transmuter began the quest for the
                  | Orb.
     0 | D:1      | Reached XP level 1. HP: 16/16 MP: 3/3
     7 | D:1      | Noticed a scorpion
     7 | D:1      | Noticed a hog
     7 | D:1      | Noticed a wyvern
     7 | D:1      | Noticed a black mamba
     7 | D:1      | Noticed a black bear
   246 | D:1      | Reached XP level 2. HP: 17/23 MP: 3/5
  1108 | D:2      | HP: 1/24 [gnoll/+0 spear (5)]
  1113 | D:2      | Slain by a gnoll

Illustrated notes

Levels and vault maps discovered:
D:1:      onia_arrival_zoo_common, layout_basic
D:2:      layout_basic, minmay_joined_circles

Skill      XL: |  1  2 |
---------------+-------+-----
Dodging        | 2 |  2.1
Fighting       | |  1.6
Unarmed Combat | |  3.2
Spellcasting   | |  2.2
Transmutations | |  2.3

Action                   || total
-------------------------++-------
Melee: Unarmed           ||    68
       Kick              ||    13
       Tailslap          ||     6
       Headbutt          ||     5
       Punch             ||     1
 Cast: Beastly Appendage ||    14
  Use: Scroll            ||     3
 Stab: Sleeping          ||     2
Armor: Skin              ||    19
Dodge: Dodged            ||    40
